 Dungeon Crawl Stone Soup version 0.29.0-13-gc9e81de378 (webtiles) character file.

Game seed: 12957189521892007497

258 mcbry74 the Poker (level 6, 0/48 HPs)
             Began as a Merfolk Gladiator on Sept 9, 2022.
             Was an Initiate of Okawaru.
             Killed by nerve-wracking pain
             ... invoked by Menkaure
              (1 damage)
             ... on level 4 of the Dungeon.
             The game lasted 00:11:24 (3874 turns).

mcbry74 the Poker (Merfolk Gladiator)               Turns: 3874, Time: 00:11:24

Health: 0/48       AC:  6    Str: 17    XL:     6   Next: 16%
Magic:  6/6        EV: 28    Int:  7    God:    Okawaru [......]
Gold:   110        SH:  0    Dex: 15    Spells: 5/5 levels left

rFire   . . .      SeeInvis .   a - +0 trident
rCold   . . .      Faith    .   (no shield)
rNeg    . . .      Spirit   .   b - +0 leather armour
rPois   .          Reflect  .   c - +0 helmet
rElec   .          Harm     .   (no cloak)
rCorr   .          Rampage  .   g - +0 pair of gloves
Will    .....                   h - +0 pair of boots
Stlth   +.........              u - amulet of the acrobat
HPRegen 0.16/turn               (no ring)
MPRegen 0.10/turn               (no ring)

@: acrobatic
A: (nimble swimmer 2), mertail
a: Renounce Religion


You were on level 4 of the Dungeon.
You worshipped Okawaru.
Okawaru was noncommittal.
You visited 2 branches of the dungeon, and saw 5 of its levels.

You collected 152 gold pieces.
You spent 42 gold pieces at shops.

Inventory:

Hand Weapons
 a - a +0 trident (weapon)
Missiles
 d - 3 throwing nets
 e - a javelin
 m - 55 stones (quivered)
Armour
 b - a +0 leather armour (worn)
 c - a +0 helmet (worn)
 g - a +0 pair of gloves (worn)
 h - a +0 pair of boots (worn)
Jewellery
 q - an amulet of magic regeneration
 u - an amulet of the acrobat (around neck)
Wands
 p - a wand of polymorph (2)
Scrolls
 j - a scroll of magic mapping
 k - 2 scrolls of immolation
 o - a scroll of fear
 r - a scroll of butterflies
 s - a scroll of silence
 t - 2 scrolls of teleportation
 v - a scroll of noise
 w - a scroll of poison
 x - a scroll of brand weapon {unknown}
 y - a scroll of identify
Potions
 f - a potion of invisibility {unknown}
 i - a potion of heal wounds {unknown}
 l - a potion of curing {unknown}
 n - 2 potions of brilliance


   Skills:
 + Level 4.3 Fighting
 * Level 7.6 Polearms
 - Level 2.0 Throwing
 - Level 4.0 Dodging


You had 5 spell levels left.
You didn't know any spells.
Your spell library contained the following spells:

 Spells                   Type           Power      Damage    Failure   Level
 Conjure Flame            Conj/Fire      0%         6-21      86%         3
 Ignite Poison            Fire/Tmut/Pois 0%         N/A       86%         3
 Sticky Flame             Conj/Fire      0%         2d3       99%         4


Dungeon Overview and Level Annotations

Branches:
Dungeon (4/15)             Temple (1/1) D:4

Altars:
Ashenzari
Cheibriados
Elyvilon
Fedhas
Gozag
Kikubaaqudgha
Makhleb
Okawaru
Qazlal
Ru
Trog
Uskayaw
Vehumet
Wu Jian
Xom
Yredelemnul
The Shining One

Shops:
D:2 *

Annotations:
D:4 Menkaure


Innate Abilities, Weirdness & Mutations

((You are very nimble when in or above water. (Stealth+, EV+, Speed+++)))
Your lower body shifts to a powerful aquatic tail in water.


Message History

The ball python constricts you.
Menkaure casts a spell.
Menkaure seems to speed up.
The ball python bites you. The ball python constricts you.
You escape the ball python's grasp.
Items here: $ ( [ †.
The ball python attacks as you move away!
The ball python completely misses you. x2
The ball python attacks as you move away!
The ball python misses you. x2
There is an open door here.
You hit the ball python.
The ball python is heavily wounded.
The ball python closely misses you. The ball python grabs you.
The ball python constricts you.
The ball python bites you but does no damage.
The ball python constricts you.
You hit the ball python.
You kill the ball python!
Okawaru accepts your kill.
There is an open door here.
You see here a hound corpse.
Items here: $ ( [ †.
Menkaure calls on the powers of darkness!
Your body is wracked with pain!
Menkaure calls on the powers of darkness!
Your body is wracked with pain!
* * * LOW HITPOINT WARNING * * *
There is an open door here.
Okay, then.
As you read the scroll of teleportation, it crumbles to dust.
You feel strangely unstable. Menkaure completely misses you.
Menkaure casts a spell at you. Pain shoots through your body!
* * * LOW HITPOINT WARNING * * *
Your surroundings suddenly seem different.
Menkaure gestures at you while chanting.
Pain shoots through your body!
You die...

..#~#.†...#~#.#.###.....#
#..~.......~..#..##.....#
#..~.......~..##..#.....#
#..~...>...~......#M....#
...~....S..~......'..>..#
...~.......~......#.....#
..#~#.....#~#.....#........
#.#~~~~~~~~~#.....#####....
###.....###...@.# ....
..............# ...
.....###.......# ..
#.......# #...J...#
#.......# #.......#
#########


You could see Menkaure (fast) and an endoplasm (asleep).

Vanquished Creatures
  A hound (D:4)
  Jessica (D:3)
  Ijyb (D:3)
  Natasha (D:4)
  3 gnolls (D:4)
  7 adders
  An ufetubus (D:4)
  3 dart slugs
  An orc (D:4)
  7 ball pythons
  2 bats (D:2)
  5 endoplasms
  2 giant cockroaches
  A goblin (D:3)
  5 hobgoblins
  5 kobolds
  A quokka (D:4)
  A frilled lizard (D:2)
  7 rats
55 creatures vanquished.

Notes
Turn   | Place    | Note
-------+----------+-------------------------------------------
     0 | D:1      | mcbry74 the Merfolk Gladiator began the quest for the Orb.
     0 | D:1      | Reached XP level 1. HP: 16/16 MP: 1/1
   323 | D:1      | Reached XP level 2. HP: 17/23 MP: 2/2
   834 | D:2      | Reached skill level 5 in Polearms
   955 | D:2      | Reached XP level 3. HP: 28/28 MP: 3/3
  1358 | D:2      | You fall into a shaft and drop 2 floors!
  1606 | D:3      | Noticed Ijyb
  1688 | D:3      | Killed Ijyb
  1689 | D:3      | Reached XP level 4. HP: 34/35 MP: 4/4
  2155 | D:3      | Reached skill level 6 in Polearms
  2343 | D:3      | Noticed Jessica
  2346 | D:3      | Killed Jessica
  2347 | D:3      | Reached XP level 5. HP: 41/41 MP: 5/5
  2384 | D:2      | Found a faded altar of an unknown god.
  2490 | D:2      | Found Evoynlo's General Store.
  2494 | D:2      | Bought a scroll of noise for 14 gold pieces
  2494 | D:2      | Bought a scroll of identify for 28 gold pieces
  3317 | D:4      | Reached skill level 7 in Polearms
  3565 | D:4      | Found a staircase to the Ecumenical Temple.
  3585 | Temple   | Entered the Ecumenical Temple
  3784 | Temple   | Became a worshipper of Warmaster Okawaru
  3819 | D:4      | Noticed Natasha
  3832 | D:4      | Killed Natasha
  3833 | D:4      | Reached XP level 6. HP: 42/48 MP: 6/6
  3845 | D:4      | Noticed Menkaure
  3873 | D:4      | HP: 1/48 [Menkaure/nerve-wracking pain (10)]
  3874 | D:4      | Killed from afar by Menkaure

Illustrated notes

Levels and vault maps discovered:
D:1:      dpeg_arrival_tiny_d, layout_basic
D:2:      layout_basic, serial_shops, nicolae_shop_statue_plus,
          chequers_ecumenical_altar_simple
D:3:      layout_loops_cross, uniq_jessica, uniq_ijyb
D:4:      layout_basic, minmay_temple_entry_water_ring, uniq_natasha,
          uniq_menkaure
Temple:   minmay_crystal_spiral_temple

Skill      XL: |  1  2  3  4  5 |
---------------+----------------+-----
Polearms       | 5 6 7 |  7.6
Fighting       | 3 4 |  4.3
Throwing       | |  2.0
Dodging        | |  4.0

Action                   |  1- 3 |  4- 6 || total
-------------------------+-------+-------++-------
Melee: Trident           |   109 |   113 ||   222
       Unarmed           |     3 |       ||     3
       Punch             |     2 |     1 ||     3
       Tailslap          |       |     2 ||     2
Throw: Stone             |     1 |       ||     1
  Use: Scroll            |       |     9 ||     9
 Stab: Sleeping          |     2 |     2 ||     4
Armor: Leather armour    |    16 |    31 ||    47
       Skin              |    36 |       ||    36
Dodge: Dodged            |    35 |    64 ||    99
